 Dungeon Crawl Stone Soup version 0.30.1-3-gfc49f6343a (webtiles) character file.

Game seed: 14968810216288830937

84 FishyPogo the Ogre Mage (level 4, -7/42 HPs)
             Began as an Ogre Hedge Wizard on Aug 8, 2023.
             Was a Follower of Trog.
             Killed from afar by an orc wizard (11 damage)
             ... with a puff of flame
             ... on level 3 of the Dungeon.
             The game lasted 00:10:29 (2434 turns).

FishyPogo the Ogre Mage (Ogre Hedge Wizard)         Turns: 2434, Time: 00:10:30

Health: -7/42      AC:  3    Str: 14    XL:     4   Next: 46%
Magic:  10/10      EV: 10    Int: 17    God:    Trog [*.....]
Gold:   111        SH:  0    Dex: 14    Spells: 5/11 levels left

rFire   . . .        a - +0 dagger (freeze)
rCold   . . .        (no shield)
rNeg    . . .        b - +0 robe
rPois   .            c - +0 hat
rElec   .            (no cloak)
rCorr   .            (gloves unavailable)
SInv    .            (boots unavailable)
Will    .....        (no amulet)
Stlth   ++           j - ring of flight
HPRegen 0.27/turn    m - +6 ring of dexterity
MPRegen 0.12/turn

%: no passive effects
@: flying, studying Fighting
A: large, unfitting armour, tough skin 1
a: Renounce Religion, Berserk


You were on level 3 of the Dungeon.
You worshipped Trog.
Trog was aware of your devotion.
You visited 1 branch of the dungeon, and saw 3 of its levels.

You collected 111 gold pieces.

Inventory:

Hand Weapons
 a - a +0 dagger of freezing (weapon)
Missiles
 e - 20 stones (quivered)
Armour
 b - a +0 robe (worn)
 c - a +0 hat (worn)
Jewellery
 j - a ring of flight (left hand)
 m - a +6 ring of dexterity (right hand)
Scrolls
 i - a scroll of vulnerability
Potions
 d - a potion of magic
 f - a potion of mutation {unknown}
 h - a potion of cancellation


   Skills:
 * Level 2.2 Fighting
 + Level 0.4 Throwing
 - Level 0.2 Armour
 + Level 2.1 Dodging
 - Level 1.4 Stealth
 - Level 4.1 Spellcasting
 - Level 1.1 Conjurations
 - Level 1.1 Summonings
 - Level 1.0 Translocations
 - Level 1.1 Air Magic
 - Level 1.3 Poison Magic


You had 5 spell levels left.
You knew the following spells:

 Your Spells              Type           Power      Damage    Failure   Level
z - Magic Dart            Conj           28%        1d4       10%         1
X - Call Imp              Summ           14%        N/A       16%         2
Z - Mephitic Cloud        Conj/Pois/Air  7%         N/A       28%         3

Your spell library contained the following spells:

 Spells                   Type           Power      Damage    Failure   Level
 Slow                     Hex            12%        N/A       16%         1
 Blink                    Tloc           12%        N/A       16%         2
 Cigotuvi's Dreadful Rot  Necr/Pois/Air  12%        N/A       17%         2


Dungeon Overview and Level Annotations

Branches:
Dungeon (3/15)

Altars:
Trog


Innate Abilities, Weirdness & Mutations

You are too large for most types of armour.
You have tough skin. (AC +1)


Message History

Throw: 23 stones
Press: ? - help, Q - select action Shift-Dir - straight line, f/p - orc
Aim: an orc, wielding a +0 flail (heavily wounded, poisoned, 59% to hit)
You throw a stone. The stone hits the orc.
The orc is almost dead.
Something hits you.
Throw: 22 stones
Press: ? - help, Q - select action Shift-Dir - straight line, f/p - orc
Aim: an orc, wielding a +0 flail (almost dead, poisoned, 59% to hit)
You throw a stone. Something hits you but does no damage.
Unknown command.
Throw: 21 stones
Press: ? - help, Q - select action Shift-Dir - straight line, f/p - orc
Aim: an orc, wielding a +0 flail (almost dead, poisoned, 59% to hit)
You throw a stone. The stone hits the orc.
You kill the orc!
Trog accepts your kill. Something hits you.
You are too injured to fight recklessly!
Unknown command.
You hit something. You freeze something. Something hits you.
You miss something. Something hits you.
* * * LOW HITPOINT WARNING * * *
Okay, then.
You miss something. Something hits you.
* * * LOW HITPOINT WARNING * * *
You hit something. You freeze something. Something hits you.
* * * LOW HITPOINT WARNING * * *
You closely miss something. Something hits you.
* * * LOW HITPOINT WARNING * * *
You barely miss something. Something hits you.
* * * LOW HITPOINT WARNING * * *
You hit something but do no damage. Something hits you.
* * * LOW HITPOINT WARNING * * *
You hit something but do no damage.
You hear some strange, mumbled words.
A puff of flame appears from out of thin air!
The puff of flame hits you!
You die...

##...###.# ##.## #.# #.# #.#
#.# #.# #.# #.# ######## #.#
#.# #....... #.# #.#
###...###
########.####.####.....(.#
#...............@{).)#...({o.
#.######.#########.......###>
....# #.# ###...### ###.# #.#
#....# # ... ..# ....#.#
###.###### ##.###.# ....# ##
#># ##### .. . ...##


There were no monsters in sight!

Vanquished Creatures
  2 adders
  3 dart slugs
  5 orcs (D:3)
  9 endoplasms
  4 hobgoblins
  A jackal (D:1)
  6 kobolds
  2 quokkas (D:2)
  2 ball pythons (D:1)
  2 bats
  4 frilled lizards
  4 goblins
  3 rats (D:1)
47 creatures vanquished.

Vanquished Creatures (collateral kills)
  3 jackals (D:1)
3 creatures vanquished.

Grand Total: 50 creatures vanquished

Notes
Turn   | Place    | Note
-------+----------+-------------------------------------------
     0 | D:1      | FishyPogo the Ogre Hedge Wizard began the quest for the
                  | Orb.
     0 | D:1      | Reached XP level 1. HP: 16/16 MP: 5/5
    26 | D:1      | Reached skill level 1 in Translocations
   117 | D:1      | Reached skill level 1 in Conjurations
   117 | D:1      | Reached skill level 1 in Summonings
   117 | D:1      | Reached XP level 2. HP: 19/24 MP: 0/6
   605 | D:1      | Learned a level 2 spell: Call Imp
   705 | D:1      | Reached XP level 3. HP: 32/32 MP: 5/8
   709 | D:1      | Learned a level 3 spell: Mephitic Cloud
   788 | D:1      | Reached skill level 1 in Poison Magic
   937 | D:1      | Reached skill level 1 in Fighting
  1316 | D:2      | Reached skill level 1 in Air Magic
  1493 | D:2      | Reached skill level 4 in Spellcasting
  2001 | D:2      | Found a faded altar of an unknown god.
  2008 | D:2      | Prayed at the altar of an unknown god.
  2008 | D:2      | Became a worshipper of Trog the Wrathful
  2008 | D:2      | Reached * piety under Trog
  2073 | D:2      | Reached XP level 4. HP: 41/41 MP: 10/10
  2257 | D:3      | Identified a scroll of acquirement
  2257 | D:3      | Acquired a manual of Fighting
  2434 | D:3      | Killed from afar by an orc wizard

Illustrated notes

Levels and vault maps discovered:
D:1:      wander_arrival_estate, layout_basic, serial_forest,
          infiniplex_forest_zigzag_1, infiniplex_forest_corner_2,
          infiniplex_forest_clump_diagonal, infiniplex_forest_straight_3,
          infiniplex_forest_lined_3, infiniplex_forest_end_double,
          infiniplex_forest_clump_diagonal
D:2:      layout_loops_ring, ebering_ecumenical_altar_webs
D:3:      layout_loops_ring, gammafunk_ghost_cemetery, chequers_mini_garden

Skill      XL: |  1  2  3  4 |
---------------+-------------+-----
Translocations | 1 |  1.0
Conjurations   | 1 |  1.1
Summonings     | 1 |  1.1
Poison Magic   | 1 |  1.3
Fighting       | 1 2 |  2.2
Air Magic      | 1 |  1.1
Spellcasting   | 4 |  4.1
Dodging        | 2 |  2.1
Throwing       | |  0.4
Armour         | |  0.2
Stealth        | |  1.4

Action                     |  1- 3 |  4- 6 || total
---------------------------+-------+-------++-------
  Melee: Dagger            |    98 |    39 ||   137
         Punch             |     1 |       ||     1
  Throw: Dart              |       |     4 ||     4
         Stone             |       |     4 ||     4
   Cast: Magic Dart        |    67 |       ||    67
         Call Imp          |     2 |       ||     2
    Use: Potion            |       |     8 ||     8
         Scroll            |       |     6 ||     6
   Stab: Sleeping          |     2 |     2 ||     4
         Distracted        |     1 |       ||     1
         Invisible         |       |     1 ||     1
 Armour: Robe              |    25 |    16 ||    41
  Dodge: Dodged            |    62 |    35 ||    97
